 Dungeon Crawl Stone Soup version 0.20-a0-1122-gb7cbeb9 (webtiles) character file.

6 Hook the Vexing (level 2, 0/21 HPs)
             Began as a Formicid Arcane Marksman on May 14, 2017.
             Slain by a worm (6 damage)
             ... on level 1 of the Dungeon.
             The game lasted 00:02:14 (463 turns).

Hook the Vexing (Formicid Arcane Marksman)           Turns: 463, Time: 00:02:15

Health: 0/21       AC:  2    Str: 14    XL:     2   Next: 0%
Magic:  2/3        EV: 12    Int: 12    God:
Gold:   45         SH:  0    Dex: 11    Spells: 2/3 levels left

rFire    . . .     SeeInvis +   j - +0 dagger (flame)
rCold    . . .     Gourm    .   (no shield)
rNeg     . . .     Faith    .   e - +0 robe
rPois    .         Spirit   .   (helmet unavailable)
rElec    .         Reflect  .   (no cloak)
rCorr    .         Harm     .   (no gloves)
MR       .....                  (no boots)
Stlth    +.........             (no amulet)
Regen    0.1/turn               (no ring)
MPRegen  0.1/turn               (no ring)

@: very slightly contaminated
A: permanent stasis, dig shafts and tunnels, four strong arms, antennae 3
a: Dig, Shaft Self


You were on level 1 of the Dungeon.
You were not hungry.

You visited 1 branch of the dungeon, and saw 1 of its levels.

You collected 45 gold pieces.

Inventory:

Hand Weapons
 a - a +0 hand crossbow
 j - a +0 dagger of flaming (weapon)
Missiles
 d - 10 bolts
 g - 3 stones (quivered)
 k - 2 tomahawks
Armour
 e - a +0 robe (worn)
Scrolls
 l - a scroll of recharging {unknown}
 n - a scroll of identify {unknown}
Potions
 b - a potion of heal wounds {unknown}
 h - a potion of agility
 i - a potion of curing {unknown}
Books
 c - a book of Debilitation

   Spells                             Type                      Level
   a - Corona                         Hexes                        1
   b - Slow                           Hexes                        2
   c - Inner Flame                    Hexes/Fire                   3
   d - Portal Projectile              Hexes/Translocation          3
   e - Cause Fear                     Hexes                        4
   f - Leda's Liquefaction            Hexes/Earth                  4
Comestibles
 f - a bread ration
 m - a chunk of flesh


   Skills:
 * Level 1.1 Fighting
 * Level 2.1 Crossbows
 + Level 1.9 Dodging
 * Level 1.2 Spellcasting
 + Level 3.9 Hexes


You had 2 spell levels left.
You knew the following spells:

 Your Spells              Type           Power        Failure   Level  Hunger
a - Corona                Hex            ##.....      6%          1    ##.....


Dungeon Overview and Level Annotations

Branches:
Dungeon (1/15)

Altars:


Innate Abilities, Weirdness & Mutations

You cannot be hasted, slowed, berserked, paralysed or teleported.
You can dig through walls and to a lower floor.
Your four strong arms can wield two-handed weapons with a shield.
You have a pair of large antennae on your head. (SInv)


Message History

Aim: a worm (moderately wounded)
You shoot a bolt. The bolt barely misses the worm.
The worm barely misses you.
Firing (i - inventory. (,) - cycle):
d - 12 bolts (quivered)
Press: ? - help, Shift-Dir - straight line, f/p - worm
Aim: a worm (moderately wounded)
You shoot a bolt. The bolt hits the worm!
The worm is almost dead.
The worm bites you.
Firing (i - inventory. (,) - cycle):
d - 11 bolts (quivered)
Press: ? - help, Shift-Dir - straight line, f/p - worm
Aim: a worm (severely wounded)
You shoot a bolt. The bolt barely misses the worm.
The worm bites you!
* * * LOW HITPOINT WARNING * * *
You are too injured to fight recklessly!
You are too injured to fight recklessly!
Wield which item (- for none, * to show all)? (? for menu, Esc to quit)
Your +0 dagger of flaming bursts into flame!
j - a +0 dagger of flaming (weapon)
The worm bites you.
You die...

. .# #. #.# ###.# #.#
....( ###.### ..(...
......
......#####..#######
.....((.............
..(.....(w@..........#
..#.#######..####. #.#
#####..# #.# #......#
#.# #####..####.##.##
#...........#
######..#######..##
............รท.....#
######..#######..##


You could see a worm.

Vanquished Creatures
  A goblin (D:1)
  A hobgoblin (D:1)
  2 kobolds (D:1)
  A bat (D:1)
  A rat (D:1)
6 creatures vanquished.

Notes
Turn   | Place    | Note
-------+----------+-------------------------------------------
     0 | D:1      | Hook the Formicid Arcane Marksman began the quest for the Orb.
     0 | D:1      | Reached XP level 1. HP: 15/15 MP: 2/2
   409 | D:1      | Reached XP level 2. HP: 21/21 MP: 0/3
   463 | D:1      | Slain by a worm

Vault maps used:
D:1:      co_arrival_random_square_maze, minmay_misc_feat_tiny

Action                   || total
-------------------------++-------
 Fire: Hand crossbow     ||    18
 Cast: Corona            ||     4
 Abil: Dig               ||     1
Armor: Robe              ||     1
Dodge: Dodged            ||     1
